Map: Neon Violet Square LE

Players

LiquidTLO (TLO) - Winner!

  • Race: Zerg Zerg
  • Spawn Location: 5:00

BlueCheese

  • Race: Terran Terran
  • Spawn Location: 11:00

Event: WCS Leipzig 2018

VOD

Have the link to the VOD?

Description

Time

  • Played on: Jan. 26, 2018, 8:30 a.m.
  • Length: 18:08

All games in this series

Show
View Real Time Build Order
Export as new Build Order

LiquidTLO Zerg - Winner!

Build Orders: Hatch First 

Get SALT Encoding   

  12  0:00  Drone  
  13  0:12  Overlord  
  13  0:18  Drone  
  14  0:31  Drone x2  
  14  0:35  Drone  
  17  0:51  Hatchery  
  17  0:55  Drone  
  17  0:58  Drone  
  18  1:04  Extractor  
  18  1:08  Drone  
  18  1:17  Spawning Pool  
  17  1:22  Drone  
  18  1:28  Drone  
  19  1:41  Overlord  
  19  1:49  Drone  
  20  2:00  Drone  
  21  2:04  Queen x2  
  21  2:05  Metabolic Boost  
  25  2:09  Drone  
  25  2:11  Drone  
  25  2:15  Zergling x2  
  28  2:22  Drone  
  29  2:27  Drone  
  30  2:36  Spore Crawler  
  29  2:37  Extractor  
  29  2:42  Hatchery  
  27  2:46  Queen  
  27  2:50  Overlord  
  31  2:56  Drone  
  31  2:57  Zergling x2  
  33  3:03  Drone  
  33  3:04  Drone, Overlord  
  35  3:10  Drone x2  
  37  3:15  Drone x2  
  37  3:16  Drone  
  37  3:17  Drone  
  37  3:19  Drone  
  42  3:22  Zergling x2  
  42  3:23  Zergling x2  
  44  3:29  Queen  
  44  3:33  Overlord  
  46  3:36  Overlord  
  45  3:41  Overlord  
  45  3:43  Drone  
  45  3:48  Drone  
  47  3:51  Drone  
  47  3:52  Drone, Baneling Nest  
  47  3:53  Drone  
  49  3:57  Zergling x4  
  49  3:58  Drone  
  49  4:01  Drone  
  49  4:02  Drone x2  
  55  4:09  Queen  
  55  4:10  Drone  
  55  4:13  Zergling x4  
  55  4:17  Drone  
  61  4:19  Drone  
  61  4:20  Drone  
  61  4:21  Spore Crawler  
  61  4:23  Zergling x4  
  63  4:27  Drone  
  63  4:29  Spore Crawler  
  63  4:30  Zergling x2  
  63  4:31  Zergling x2  
  65  4:35  Drone  
  65  4:36  Drone x2  
  65  4:38  Baneling x5  
  68  4:40  Drone  
  68  4:42  Drone  
  68  4:43  Drone  
  71  4:46  Extractor  
  71  4:47  Spine Crawler  
  71  4:49  Overlord  
  71  4:51  Baneling  
  69  4:53  Zergling x4  
  71  5:01  Overlord  
  71  5:02  Zergling x2  
  71  5:05  Zergling x2, Hatchery  
  71  5:07  Zergling x2  
  73  5:08  Baneling  
  73  5:09  Baneling  
  73  5:11  Drone, Overlord  
  74  5:15  Overlord  
  74  5:16  Drone  
  74  5:20  Baneling x2, Drone x3  
  78  5:24  Drone  
  78  5:26  Evolution Chamber  
  78  5:29  Evolution Chamber  
  78  5:32  Drone x5  
  82  5:39  Zergling x2  
  82  5:40  Zergling x4  
  85  5:44  Roach Warren  
  85  5:45  Drone, Extractor  
  85  5:46  Extractor  
  81  5:50  Queen  
  81  5:53  Drone x3  
  81  5:55  Drone x2  
  84  5:57  Drone  
  84  5:59  Drone  
  84  6:03  Zerg Ground Armor Level 1  
  85  6:05  Drone  
  85  6:07  Extractor  
  85  6:11  Zerg Melee Weapons Level 1  
  85  6:13  Drone  
  85  6:16  Drone x3  
  89  6:19  Baneling x3  
  89  6:21  Baneling  
  89  6:22  Baneling, Drone x2  
  89  6:23  Zergling x2  
  89  6:24  Overlord  
  92  6:25  Zergling x2  
  92  6:26  Zergling x6  
  92  6:27  Extractor  
  92  6:31  Zergling x2  
  92  6:32  Zergling x2  
  97  6:35  Drone  
  97  6:36  Drone x5  
  102  6:45  Zergling x2  
  102  6:46  Zergling x2  
  102  6:47  Zergling x4  
  100  6:51  Lair  
  100  6:52  Drone  
  100  6:53  Zergling x2  
  101  6:55  Zergling x2  
  101  6:56  Zergling x2  
  101  6:57  Drone  
  101  6:59  Zergling x2  
  101  7:00  Baneling x7, Zergling x2  
  106  7:02  Spine Crawler  
  106  7:04  Roach x2, Overlord x2  
  109  7:09  Zergling x2, Overlord  
  109  7:11  Zergling x2, Evolution Chamber  
  109  7:12  Zergling x2  
  109  7:13  Zergling x2  
  112  7:17  Zergling x2  
  112  7:18  Zergling x4, Spore Crawler  
  114  7:23  Drone  
  114  7:27  Drone  
  114  7:28  Drone  
  117  7:32  Pneumatized Carapace, Burrow  
  117  7:39  Zerg Missile Weapons Level 1  
  117  7:41  Zergling x4  
  117  7:43  Drone  
  120  7:44  Drone  
  120  7:51  Overlord  
  121  7:54  Centrifical Hooks  
  121  7:57  Drone x2, Hydralisk Den  
  119  7:58  Overlord  
  119  7:59  Zergling x2  
  119  8:01  Infestation Pit  
  119  8:02  Zergling x4  
  119  8:04  Zergling x4  
  121  8:06  Zergling x2  
  121  8:08  Zergling x2  
  121  8:09  Overlord  
  122  8:12  Zerg Ground Armor Level 2, Zerg Melee Weapons Level 2  
  122  8:14  Drone x2  
  122  8:15  Extractor  
  122  8:16  Zergling x4  
  125  8:20  Baneling x2  
  125  8:22  Baneling x6  
  125  8:23  Zergling x2  
  125  8:24  Zergling x2  
  127  8:27  Hatchery  
  127  8:28  Zergling x4  
  127  8:30  Hydralisk, Muscular Augments  
  127  8:31  Hydralisk x5  
  138  8:36  Hydralisk  
  138  8:38  Hydralisk  
  138  8:39  Baneling  
  142  8:45  Hydralisk x2  
  146  8:53  Hive  
  146  8:54  Drone  
  146  8:55  Zergling x2  
  147  8:56  Overlord  
  147  8:57  Baneling x3, Overlord  
  147  8:59  Zergling x2  
  147  9:00  Zergling x2  
  147  9:01  Zergling x2  
  149  9:05  Baneling x2  
  149  9:09  Hydralisk x3  
  147  9:10  Hydralisk x2  
  147  9:12  Baneling  
  147  9:13  Baneling  
  147  9:16  Hydralisk x2  
  160  9:20  Zergling x2, Spore Crawler  
  160  9:21  Zergling x4  
  161  9:26  Zergling x2  
  161  9:28  Zergling x2  
  161  9:29  Zergling x2  
  164  9:32  Zergling x4  
  164  9:33  Zergling x2  
  164  9:36  Zergling x2  
  168  9:39  Zerg Missile Weapons Level 2  
  168  9:41  Zergling x2  
  168  9:43  Zergling x2  
  168  9:44  Drone  
  171  9:45  Overlord  
  171  9:49  Overlord  
  171  9:51  Baneling x2  
  171  9:52  Baneling x3  
  171  9:53  Overlord  
  171  9:55  Spine Crawler  
  171  9:57  Spine Crawler  
  171  9:58  Spine Crawler  
  166  10:03  Overlord  
  165  10:11  Drone  
  165  10:12  Ultralisk Cavern  
  165  10:14  Viper x3, Spore Crawler  
  164  10:16  Drone  
  164  10:20  Zergling x2  
  175  10:21  Baneling, Drone  
  175  10:22  Evolution Chamber  
  175  10:23  Evolution Chamber x2  
  175  10:27  Zergling x2  
  162  10:28  Zergling x4  
  162  10:30  Hatchery  
  162  10:34  Zergling x2  
  163  10:39  Zerg Melee Weapons Level 3, Zerg Ground Armor Level 3  
  164  10:50  Zergling x4  
  164  10:53  Zergling x20  
  175  10:59  Hatchery  
  172  11:04  Chitinous Plating  
  172  11:06  Ultralisk  
  172  11:10  Ultralisk  
  177  11:19  Ultralisk  
  182  11:26  Zergling x2  
  182  11:27  Zergling x6  
  182  11:28  Zergling x2  
  182  11:32  Zergling x2  
  186  11:34  Ultralisk, Zergling x4  
  186  11:35  Zergling x4  
  186  11:36  Zergling x4  
  186  11:38  Zergling x6  
  196  11:43  Ultralisk  
  197  11:49  Zergling x4  
  159  12:02  Zergling x2  
  159  12:03  Zergling x2  
  159  12:04  Hydralisk  
  161  12:11  Zerg Missile Weapons Level 3  
  159  12:15  Zergling x2  
  159  12:16  Zergling x2  
  159  12:17  Zergling x2  
  159  12:18  Zergling x2  
  159  12:20  Ultralisk  
  159  12:21  Ultralisk, Zergling x4  
  176  12:29  Extractor  
  173  12:30  Ultralisk Cavern, Spore Crawler  
  173  12:32  Drone x3, Spore Crawler  
  173  12:33  Drone  
  173  12:34  Drone x10  
  184  12:40  Ultralisk  
  184  12:44  Drone x3  
  192  12:46  Drone  
  192  12:47  Drone  
  195  12:53  Queen  
  197  12:59  Drone  
  197  13:00  Overlord  
  198  13:07  Overlord  
  198  13:13  Hydralisk  
  198  13:16  Baneling x5  
  198  13:17  Baneling  
  199  13:24  Zergling x2  
  195  13:38  Zergling x6  
  195  13:41  Zergling x6  
  188  13:45  Zergling x2  
  188  13:46  Zergling x4  
  188  13:47  Zergling x2  
  188  13:48  Zergling x4  
  180  13:50  Zergling x4  
  180  13:52  Zergling x2  
  180  13:54  Zergling x2  
  172  13:56  Zergling x4  
  172  14:02  Zergling x4  
  175  14:03  Zergling x4  
  175  14:05  Zergling x2  
  161  14:13  Zergling x2  
  161  14:17  Hydralisk x4  
  140  14:19  Ultralisk x8  
  140  14:22  Baneling x2  
  140  14:23  Baneling, Zergling x2  
  140  14:24  Zergling x2  
  186  14:25  Drone  
  186  14:28  Ultralisk  
  194  14:31  Zergling x2  
  194  14:33  Extractor  
  194  14:34  Baneling x2  
  193  14:41  Ultralisk  
  199  14:46  Spire  
  199  14:47  Zergling x2  
  199  14:51  Baneling x6  
  199  14:52  Baneling  
  199  14:56  Baneling  
  199  14:57  Baneling  
  195  15:20  Ultralisk  
  196  15:22  Hydralisk  
  196  15:25  Baneling x10  
  198  15:35  Zergling x2  
  179  15:50  Hydralisk x2  
  179  15:53  Hydralisk x2  
  179  15:54  Hydralisk x4  
  179  15:55  Hydralisk x5  
  187  15:59  Hydralisk x2  
  187  16:01  Hydralisk x2  
  187  16:02  Zergling x2  
  192  16:06  Zergling x4  
  192  16:07  Zergling x2  
  192  16:09  Zergling x2  
  192  16:10  Hydralisk x2  
  194  16:13  Zergling x2  
  194  16:14  Zergling x2  
  194  16:15  Zergling x4  
  194  16:16  Zergling x2  
  199  16:36  Greater Spire  
  199  16:43  Baneling x2  
  199  16:44  Baneling  
  199  16:45  Baneling x8  
  199  16:56  Zergling x2  
  200  17:01  Hatchery  
  200  17:02  Zergling x2  
  200  17:03  Zergling x2  
  200  17:04  Zergling x4  
  173  17:11  Zergling x2  
  175  17:15  Zergling x2  
  175  17:19  Spine Crawler  
  175  17:21  Spine Crawler x2  
  175  17:22  Spine Crawler x2  
  171  17:23  Drone x9, Spore Crawler  
  171  17:24  Spine Crawler, Spore Crawler  
  171  17:25  Zergling x2  
  171  17:28  Zergling x2  
  181  17:30  Zergling x2  
Show
View Real Time Build Order
Export as new Build Order

BlueCheese Terran 

Build Orders: Reaper Expand, Bio Tank 

Get SALT Encoding   

  12  0:00  SCV  
  13  0:13  SCV  
  14  0:18  Supply Depot  
  14  0:25  SCV  
  15  0:40  SCV  
  15  0:41  Barracks  
  16  0:45  Refinery  
  16  0:52  SCV  
  17  1:04  SCV  
  18  1:16  SCV  
  19  1:28  Orbital Command, Reaper  
  20  1:42  Command Center  
  20  1:51  Supply Depot  
  20  1:54  SCV  
  20  2:00  Marine  
  22  2:06  SCV  
  23  2:14  Refinery  
  23  2:15  Factory  
  23  2:18  SCV  
  24  2:22  Barracks Reactor  
  24  2:30  SCV  
  25  2:43  SCV  
  26  2:54  Orbital Command  
  26  2:55  SCV  
  27  3:02  Starport  
  27  3:07  Hellion x2, SCV  
  32  3:13  Barracks Tech Lab  
  32  3:19  SCV x2  
  34  3:28  Hellion x2  
  34  3:31  SCV  
  34  3:34  SCV  
  40  3:38  Supply Depot  
  40  3:43  SCV  
  40  3:46  SCV, Viking  
  44  3:55  SCV  
  45  3:58  SCV  
  45  4:00  Cyclone x2  
  45  4:01  Supply Depot  
  52  4:03  Barracks Tech Lab  
  52  4:07  SCV  
  53  4:10  SCV, Liberator  
  54  4:22  Command Center  
  54  4:23  SCV x2  
  56  4:30  Supply Depot  
  59  4:35  SCV, Supply Depot  
  60  4:39  Armory  
  60  4:41  SCV  
  61  4:47  SCV  
  61  4:50  Barracks  
  62  4:53  Barracks  
  62  4:54  SCV  
  62  4:56  Supply Depot  
  62  4:59  SCV, Supply Depot  
  64  5:03  Engineering Bay  
  64  5:05  Engineering Bay  
  64  5:06  SCV  
  65  5:11  SCV  
  65  5:13  Marine  
  65  5:14  Stimpack  
  65  5:21  Starport Reactor  
  65  5:22  SCV  
  65  5:23  SCV  
  65  5:25  Refinery  
  65  5:26  Refinery  
  65  5:28  Factory Reactor  
  67  5:30  Terran Infantry Weapons Level 1  
  67  5:31  Marine  
  68  5:36  Orbital Command  
  68  5:37  SCV x2  
  68  5:41  Marine  
  68  5:42  Marine, Barracks Reactor  
  72  5:48  Supply Depot  
  72  5:49  SCV, Marine  
  72  5:58  Medivac x2  
  72  5:59  Marine x2  
  72  6:03  Barracks  
  68  6:04  Barracks  
  68  6:05  SCV x3  
  68  6:07  Marine  
  68  6:08  Terran Infantry Armor Level 1  
  72  6:16  Supply Depot  
  72  6:17  SCV x3, Marine x2  
  72  6:18  Marine x2  
  78  6:25  Marine  
  80  6:26  Siege Tank  
  80  6:31  SCV x3  
  86  6:35  Marine x2  
  86  6:36  Marine x2  
  90  6:42  Marine  
  83  6:48  SCV x2  
  83  6:53  Supply Depot, Marine x2  
  84  6:54  Supply Depot x2  
  84  6:55  SCV  
  84  7:00  SCV  
  84  7:01  Command Center, Siege Tank  
  86  7:04  Barracks Reactor  
  86  7:08  SCV, Armory  
  90  7:14  SCV x2  
  92  7:17  Marine x2  
  92  7:20  SCV  
  92  7:21  Supply Depot  
  95  7:26  SCV  
  95  7:28  Supply Depot  
  95  7:29  Supply Depot, Marine  
  96  7:30  Marine x2  
  96  7:32  SCV x2  
  96  7:34  Combat Shields  
  96  7:35  Siege Tank  
  104  7:37  Marine  
  104  7:42  Marine x3  
  104  7:43  Marine x2  
  110  7:47  Marine x2  
  110  7:51  Marine  
  113  7:54  Marine  
  113  7:55  Medivac  
  116  8:00  SCV, Refinery x2, Marine x4  
  116  8:01  Marine  
  116  8:05  Marine  
  120  8:07  Marine  
  120  8:08  Siege Tank, Marine  
  120  8:12  SCV, Marine  
  121  8:13  SCV x2  
  121  8:18  Marine  
  121  8:19  Factory  
  125  8:22  Marine x2  
  125  8:23  Medivac, Marine  
  125  8:24  Marine x2  
  125  8:25  SCV  
  130  8:34  Orbital Command  
  130  8:35  SCV x2  
  130  8:36  Marine  
  130  8:37  SCV  
  130  8:39  Terran Infantry Weapons Level 2  
  134  8:44  Terran Infantry Armor Level 2  
  134  8:47  SCV  
  135  8:53  Siege Tank  
  135  8:55  SCV x2  
  140  8:58  Marine x3  
  140  8:59  Marine x2  
  140  9:00  Medivac x2  
  149  9:03  Supply Depot  
  149  9:06  Terran Vehicle Weapons Level 1  
  149  9:08  Marine x4  
  153  9:16  Marine x2  
  152  9:23  Marine  
  152  9:24  Marine x2  
  154  9:25  Factory Tech Lab  
  154  9:26  Marine x3  
  154  9:28  Marine  
  154  9:31  Barracks x2  
  159  9:34  Marine x2  
  151  9:38  Medivac x2  
  151  9:40  Siege Tank  
  151  9:41  Marine x2  
  151  9:42  Marine  
  151  9:44  Marine x2  
  163  9:48  Marine x2  
  163  9:51  Siege Tank  
  163  9:52  Marine x2  
  170  9:59  Marine x2  
  172  10:01  Supply Depot x2  
  172  10:02  Supply Depot  
  172  10:20  Barracks Tech Lab x2  
  172  10:22  Medivac x2, Marine x9, Siege Tank  
  172  10:23  Siege Tank  
  175  10:35  Supply Depot  
  175  10:40  Marine x9  
  175  10:41  Command Center  
  184  10:52  Medivac  
  184  10:54  Siege Tank  
  184  10:56  Marauder x2  
  193  10:57  Marine x3  
  193  10:58  Terran Infantry Weapons Level 3, Marauder  
  193  10:59  Supply Depot  
  198  11:11  Terran Vehicle Weapons Level 2  
  198  11:12  Terran Infantry Armor Level 3  
  198  11:18  Marauder  
  199  11:25  Marauder x2, Marine x2  
  193  11:39  Marauder  
  192  11:46  Marauder x2  
  187  11:54  Marine x3  
  182  11:55  Siege Tank  
  182  11:56  Siege Tank  
  182  11:57  Marine  
  182  11:58  Marine x4  
  182  12:00  Marauder  
  165  12:08  Marauder x2  
  142  12:11  Marine  
  142  12:12  Marine x2  
  145  12:15  Marine x2  
  145  12:16  Marine  
  145  12:19  Marine x2  
  145  12:21  Liberator x2  
  145  12:22  Marauder  
  148  12:25  Refinery x2  
  148  12:28  Siege Tank x2  
  148  12:29  Marauder x2, Marine x2  
  159  12:30  Marine  
  159  12:33  Marine x2  
  163  12:37  Marine x2  
  163  12:43  Marauder  
  173  12:50  Marauder  
  173  12:51  Marauder  
  177  13:00  Marine x2, Siege Tank, Hellbat  
  177  13:01  Marine  
  177  13:04  Marine, Marauder  
  177  13:05  Marine x2  
  190  13:12  Marine x2, Marauder x2  
  196  13:13  Planetary Fortress  
  196  13:17  Barracks x2  
  196  13:18  Marine x2  
  196  13:19  Barracks  
  198  13:26  Marauder  
  200  13:33  Marauder x2  
  192  13:40  Siege Tank x2  
  192  13:41  Marine  
  160  13:47  Marauder  
  155  13:49  Marine x2  
  155  13:55  Marauder x2  
  146  13:56  Medivac  
  146  13:58  Marine x5  
  151  14:06  Barracks Tech Lab  
  151  14:07  Barracks Tech Lab  
  151  14:08  SCV x3  
  151  14:09  Marauder  
  137  14:12  Siege Tank x2  
  137  14:15  Marine x4  
  137  14:16  Marine x2, Marauder x2  
  140  14:17  Medivac  
  136  14:25  Medivac  
  136  14:26  Orbital Command  
  136  14:30  Marauder  
  140  14:33  Marine x4  
  140  14:34  Marine x2, Marauder  
  140  14:35  Marine x2  
  140  14:36  Barracks Tech Lab, Marauder  
  140  14:37  Marauder  
  140  14:38  Marauder  
  156  14:41  Concussive Shells  
  156  14:44  Siege Tank  
  156  14:45  Siege Tank  
  162  14:51  Marine, Marauder  
  162  14:52  Marine x2  
  167  14:53  Medivac  
  167  14:56  Marauder  
  167  14:57  Marauder  
  167  14:58  Marine x3  
  167  14:59  Marauder x3, Marine  
  183  15:03  Terran Vehicle Weapons Level 3  
  183  15:04  Marine  
  184  15:13  Marauder  
  184  15:14  Marine x3  
  186  15:16  Marine x2  
  186  15:17  Marauder  
  186  15:18  Marauder  
  186  15:20  Marauder  
  196  15:23  Marauder x2  
  196  15:24  Supply Depot x2  
  191  15:28  Supply Depot  
  191  15:29  Supply Depot x2  
  191  15:31  Supply Depot  
  186  15:46  Marauder  
  161  15:50  Marine  
  161  15:51  Marine, Marauder x3  
  161  15:55  Marine x5, Marauder  
  161  15:56  Marauder, Marine  
  126  15:57  Siege Tank  
  126  15:58  Siege Tank  
  132  16:07  Marauder  
  132  16:08  Medivac, Marine x2  
  128  16:12  Marauder x2  
  128  16:13  Marauder, Marine x5  
  128  16:17  Marauder  
  128  16:18  Marine  
  143  16:19  Orbital Command  
  132  16:26  Marine x2  
  132  16:28  Marauder  
  132  16:30  Marine  
  137  16:36  Marine x4  
  137  16:37  Marauder  
  146  16:54  Siege Tank  
  146  17:00  Marine  
  146  17:01  Marauder x3  
  142  17:05  Marine  
  129  17:17  Marine x2  
  129  17:22  Marauder x3  
  137  17:23  Medivac x2  
  141  17:32  Marine  
  138  17:44  Marauder x2  
Tags
 
Add a new tag
Caveats
  • Supply blocks, unpowered buildings, or Contaminate may cause inaccurate times.
  • Supply counts are checked every 10 seconds.